 Dungeon Crawl Stone Soup version 0.30-a0-989-g0d87f670db (webtiles) character file.

Game seed: 16076174372887906989

4 mopl the Sneak (level 1, -2/16 HPs)
             Began as an Octopode Delver on Apr 3, 2023.
             Slain by a mummy (18 damage)
             ... in an ossuary.
             The game lasted 00:00:41 (95 turns).

mopl the Sneak (Octopode Delver)                      Turns: 95, Time: 00:00:41

Health: -2/16      AC:  1    Str: 11    XL:     1   Next: 70%
Magic:  1/1        EV: 13    Int: 12    God:
Gold:   0          SH:  0    Dex: 13    Spells: 0/0 levels left

rFire   . . .      SeeInvis .    a - +0 falchion
rCold   . . .      Faith    .    (no shield)
rNeg    . . .      Spirit   .    (helmet restricted)
rPois   .          Reflect  .    (no amulet)
rElec   .          Rampage  .    (no ring)
rCorr   .                        (no ring)
Will    .....                    (no ring)
Stlth   ++++                     (no ring)
HPRegen 0.22/turn                (no ring)
MPRegen 0.07/turn                (no ring)
                                 (no ring)
                                 (no ring)

@: no status effects
A: almost no armour, amphibious, 8 rings, camouflage 1, gelatinous body 1,
(nimble swimmer 1), tentacles
a: no special abilities


You were in an ossuary.
You visited 1 branch of the dungeon, and saw 1 of its levels.
You also visited: Ossuary.

Inventory:

Hand Weapons
 a - a +0 falchion (weapon)
Wands
 f - a wand of digging (3)
Scrolls
 b - a scroll of fog
 c - a scroll of magic mapping
 d - a scroll of fear
Potions
 e - a potion of haste
 g - a potion of attraction {unknown}


   Skills:
 + Level 3.0 Fighting
 + Level 2.1 Long Blades
 + Level 2.1 Dodging
 + Level 6.6 Stealth
 + Level 0.2 Spellcasting


You couldn't memorise any spells.
You didn't know any spells.
Your spell library was empty.

Dungeon Overview and Level Annotations

Branches:
Dungeon (5/15)            Ossuary (1/1)
 Temple: D:4-7

Altars:

Annotations:
D:5 Sigmund


Innate Abilities, Weirdness & Mutations

You cannot wear most types of armour.
You are amphibious.
You can wear up to eight rings at the same time.
Your skin changes colour to match your surroundings (Stealth+).
Your rubbery body absorbs attacks. (AC +1, EV +1)
((You are camouflaged when in or above water. (Stealth+)))
You have tentacles for arms and can constrict up to eight enemies at once.


Message History

2 mummies and a hobgoblin zombie come into view.
You hit the hobgoblin zombie. You grab the hobgoblin zombie.
You squeeze the hobgoblin zombie.
The hobgoblin zombie is severely damaged.
You constrict the hobgoblin zombie. The hobgoblin zombie barely misses you.
You hit the hobgoblin zombie.
You destroy the hobgoblin zombie!
You barely miss the kobold zombie. You grab the kobold zombie.
You constrict the kobold zombie. The kobold zombie hits you.
You hit the kobold zombie.
The kobold zombie is heavily damaged.
You constrict the kobold zombie. The kobold zombie hits you.
You slash the kobold zombie!
You destroy the kobold zombie!
You hit the orc zombie. You grab the orc zombie.
You tentacle-slap the orc zombie.
You destroy the orc zombie!
You hit the orc zombie. Your grab misses the orc zombie.
The orc zombie is severely damaged.
The orc zombie barely misses you.
You hit the orc zombie.
You destroy the orc zombie!
You hit the kobold zombie. You grab the kobold zombie.
You squeeze the kobold zombie.
The kobold zombie is severely damaged.
You constrict the kobold zombie.
You destroy the kobold zombie!
No target in view!
No target in view!
You hit the mummy. You grab the mummy.
The mummy is lightly damaged.
You constrict the mummy, but do no damage.
You slash the mummy!
The mummy is severely damaged.
You constrict the mummy. The mummy misses you.
You hit the mummy but do no damage.
The mummy is severely damaged.
You constrict the mummy. The mummy hits you!!
Ouch! That really hurt!
You die...

....M.....
..........
........#
......#
#....#
#....#
#....#
#M...#
#@...#
#....#
#....#
#....#
#.∩∩.#
######


You could see a mummy.

Vanquished Creatures
  2 hobgoblin zombies (Ossuary)
  2 kobold zombies (Ossuary)
  3 orc zombies (Ossuary)
7 creatures vanquished.

Notes
Turn   | Place    | Note
-------+----------+-------------------------------------------
     0 | D:5      | mopl the Octopode Delver began the quest for the Orb.
     0 | D:5      | Reached XP level 1. HP: 16/16 MP: 1/1
    10 | D:5      | Found a sand-covered staircase.
    14 | D:5      | Noticed Sigmund
    19 | Ossuary  | Entered an ossuary
    95 | Ossuary  | Slain by a mummy

Illustrated notes

Levels and vault maps discovered:
D:5:      layout_gridville, nicolae_ossuary_entry_ruins, uniq_sigmund,
          uniq_duvessa, uniq_crazy_yiuf_cottage, uniq_grinder
Ossuary:  ossuary_tomb_3

Action                     || total
---------------------------++-------
  Melee: Falchion          ||    14
         Constrict         ||     6
         Tentacles         ||     4
         Punch             ||     1
  Dodge: Dodged            ||     3

Table legend: (Time is in decaauts)
 A = Elapsed time spent in this place.
 B = Non-inter-level travel time spent in this place.
 C = Inter-level travel time spent in this place.
 D = Time resting spent in this place.
 E = Time spent auto-exploring this place.
 F = Levels seen in this place.
 G = Mean time per level.
                   A        B        C        D        E       F      G
               +--------+--------+--------+--------+--------+-----+--------+
         Total |     97 |     97 |      0 |      0 |      0 |   2 |   48.5 |
       Dungeon |     19 |     19 |      0 |      0 |      0 |   1 |   19.0 |
       Ossuary |     78 |     78 |      0 |      0 |      0 |   1 |   78.0 |
               +--------+--------+--------+--------+--------+-----+--------+

Top non-repeatable levels by time:
 Ossuary: 78 daAuts
     D:5: 19 daAuts
